 Dungeon Crawl Stone Soup version 0.30-a0-557-ge2afbf3030 (webtiles) character file.

Game seed: 9800217331791389692

11092 bmack86 the Cleaver (level 11, -19/99 HPs)
             Began as a Minotaur Fighter on Dec 28, 2022.
             Was an Elder of Okawaru.
             Killed from afar by an acid dragon (31 damage)
             ... with a splash of acid
             ... on level 10 of the Dungeon.
             The game lasted 00:23:21 (7620 turns).

bmack86 the Cleaver (Minotaur Fighter)              Turns: 7620, Time: 00:23:21

Health: -19/99     AC: 11    Str: 36    XL:     11   Next: 44%
Magic:  10/10      EV:  8    Int:  9    God:    Okawaru [****..]
Gold:   464        SH: 11    Dex:  9    Spells: 10/10 levels left

rFire   . . .      SeeInvis .    a - +1 war axe
rCold   . . .      Faith    .    c - +0 buckler
rNeg    . . .      Spirit   .    B - +0 plate armour
rPois   .          Reflect  +    M - +0 hat
rElec   .          Harm     .    (no cloak)
rCorr   .          Rampage  .    K - +1 pair of gloves
Will    .....                    t - +1 pair of boots of Grace {Str+4 Int+4} Stlth
                                 r - amulet of reflection
HPRegen 0.36/turn                i - +6 ring of strength
MPRegen 0.12/turn                n - +4 ring of slaying

@: corroded, studying Short Blades
A: horns 2, retaliatory headbutt
a: Renounce Religion, Heroism, Finesse


You were on level 10 of the Dungeon.
You worshipped Okawaru.
Okawaru was greatly pleased with you.
You visited 2 branches of the dungeon, and saw 11 of its levels.

You collected 730 gold pieces.
You spent 266 gold pieces at shops.

Inventory:

Hand Weapons
 a - a +1 war axe (weapon)
 x - a +0 war axe of venom
 E - a +0 short sword of venom
Missiles
 q - 9 poisoned darts (quivered)
 v - a throwing net
 F - a curare-tipped dart
Armour
 c - a +0 buckler (worn)
 t - the +1 pair of boots of Grace (worn) {Str+4 Int+4}
   (You bought it in a shop on level 5 of the Dungeon)

   Str:       It affects your strength (+4).
   Int:       It affects your intelligence (+4).
 B - a +0 plate armour (worn)
 K - a +1 pair of gloves (worn)
 M - a +0 hat (worn)
Jewellery
 i - a +6 ring of strength (left hand)
 n - a +4 ring of slaying (right hand)
 r - an amulet of reflection (around neck)
 u - an amulet of faith
 I - a ring of protection from cold
 L - a ring of fire
Wands
 d - a wand of paralysis (24)
 o - a wand of iceblast (1)
 C - a wand of mindburst (19)
Scrolls
 g - a scroll of blinking
 l - 6 scrolls of immolation
 p - a scroll of fear
 w - 2 scrolls of teleportation
 y - a scroll of silence
 z - 2 scrolls of enchant weapon
Potions
 e - 2 potions of brilliance
 h - 2 potions of attraction
 j - 3 potions of curing
 k - 2 potions of mutation
 m - a potion of degeneration
 A - a potion of heal wounds
 G - a potion of invisibility
 H - a potion of haste
 J - a potion of lignification
 N - a potion of might


   Skills:
 + Level 9.8 Fighting
 * Level 13.0 Axes
 + Level 3.8 Throwing
 + Level 9.9 Armour
 + Level 9.8 Shields
 + Level 4.7 Evocations


You had 10 spell levels left.
You didn't know any spells.
Your spell library contained the following spells:

 Spells                   Type           Power      Damage    Failure   Level
 Freeze                   Ice            0%         1d3       95%         1
 Sandblast                Erth           0%         2d4       95%         1
 Ensorcelled Hibernation  Hex/Ice        0%         N/A       99%         2
 Passwall                 Tmut/Erth      0%         N/A       99%         2
 Frozen Ramparts          Ice            0%         1d1       100%        3
 Gell's Gravitas          Tloc           0%         N/A       100%        3
 Hailstorm                Conj/Ice       0%         3d3       100%        3
 Inner Flame              Hex/Fire       0%         N/A       100%        3
 Lesser Beckoning         Tloc           0%         N/A       100%        3
 Spider Form              Tmut/Pois      0%         N/A       100%        3
 Stone Arrow              Conj/Erth      0%         3d7       100%        3
 Teleport Other           Tloc           0%         N/A       100%        3
 Vhi's Electric Charge    Tloc/Air       0%         N/A       100%        3
 Anguish                  Hex/Necr       0%         N/A       100%        4
 Cause Fear               Hex            0%         N/A       100%        4
 Arcjolt                  Conj/Air       0%         1d10      100%        5
 Discord                  Hex            0%         N/A       100%        8
 Maxwell's Capacitive Co  Air            0%         ∞         100%        8


Dungeon Overview and Level Annotations

Branches:
Dungeon (10/15)            Temple (1/1) D:6            Lair (0/5) D:8
    Orc: D:9-12

Altars:
Ashenzari
Cheibriados
Dithmenos
Elyvilon
Fedhas
Gozag
Hepliaklqana
Kikubaaqudgha
Makhleb
Nemelex Xobeh
Okawaru
Qazlal
Ru
Sif Muna
Trog
Uskayaw
Vehumet
Wu Jian
Xom
Yredelemnul
Zin
The Shining One

Shops:
D:5 *

Annotations:
D:2 1 runed translucent door, Crazy Yiuf
D:6 Prince Ribbit


Innate Abilities, Weirdness & Mutations

You have a pair of horns on your head.
You reflexively headbutt those who attack you in melee.


Message History

You hit the yak but do no damage. x2
You closely miss the kobold demonologist.
You hit the hellwing.
You feel very sick.
You block the hellwing's attack. x2; The rust devil hits you!
* * * LOW HITPOINT WARNING * * *
The rust devil corrodes you!
The kobold demonologist hits you but does no damage.
The yak gores you but does no damage. The yak barely misses you.
You barely miss the hellwing.
You headbutt the hellwing, but do no damage.
The hellwing is heavily wounded.
You slash the yak!
You hit the rust devil but do no damage.
You hit the yak.
You kill the yak!
Okawaru accepts your kill.
You slash the kobold demonologist!
You kill the kobold demonologist!
Okawaru accepts your kill.
The rust devil disappears in a puff of smoke!
The hellwing disappears in a puff of smoke!
The shadow imp disappears in a puff of smoke!
The white imp disappears in a puff of smoke!
The shadow imp disappears in a puff of smoke!
* * * LOW HITPOINT WARNING * * *
You feel very sick.
Your Axes skill increases to level 13!
The yak attacks as you move away! The yak gores you but does no damage.
* * * LOW HITPOINT WARNING * * *
You feel very sick. The yak attacks as you move away!
You block the yak's attack.
You feel very sick.
The two-headed ogre hits you with a +0 giant spiked club!
* * * LOW HITPOINT WARNING * * *
The two-headed ogre hits you but does no damage.
You feel better. The acid dragon spits acid at you.
The splash of acid hits you!!
You die...

~.......# #........#
.......# #........###
#.....# #...........
#.....# #.......####
#.....# #.......+...
#...)Y# #.......####
#....Y#####.......####
+..DOY)...............
#....@################
#.....# #.....#
..~~~~~## ..~~~~~
..~~~~~ ..~~~~~ #
..~~~~~ . .


You could see a two-headed ogre, 3 yaks and an acid dragon (catching breath).

Vanquished Creatures
  Gastronok (D:9)
  Erica (D:9)
  A death yak (D:8)
  A wolf spider zombie (D:8)
  Pikel (D:9)
  2 centaur zombies (D:8)
  2 centaur skeletons (D:8)
  A kobold demonologist (D:10)
  A redback zombie (D:8)
  2 hellwings (D:8)
  2 trolls
  5 yaks (D:10)
  2 wraiths
  A basilisk (D:8)
  2 wyverns (D:8)
  3 steam dragons
  Edmund (D:5)
  3 water moccasins
  Duvessa (D:5)
  3 black bears
  3 orc warriors
  An ogre (D:6)
  A sky beast (D:6)
  2 centaurs
  2 kobold brigands
  2 necrophages
  2 bullfrogs
  9 scorpions
  Dowan (D:5)
  2 howler monkeys (D:5)
  5 hounds
  A jelly (D:6)
  5 iguanas
  Ijyb (D:5)
  8 orc wizards
  11 gnolls
  6 adders
  6 shadow imps
  2 white imps (D:6)
  2 ufetubi
  A worm (D:4)
  3 dart slugs
  31 orcs
  13 ball pythons
  4 endoplasms
  6 giant cockroaches
  9 goblins
  7 hobgoblins
  8 jackals
  6 quokkas
  2 training dummies (D:5)
  2 bats
  2 frilled lizards (D:1)
  12 kobolds
  6 rats
220 creatures vanquished.

Vanquished Creatures (others)
  Psyche (D:8)
  A kobold (D:7)
  3 withered plants (D:8)
5 creatures vanquished.

Grand Total: 225 creatures vanquished

Notes
Turn   | Place    | Note
-------+----------+-------------------------------------------
     0 | D:1      | bmack86 the Minotaur Fighter began the quest for the Orb.
     0 | D:1      | Reached XP level 1. HP: 19/19 MP: 0/0
   217 | D:1      | Reached XP level 2. HP: 27/27 MP: 1/1
   287 | D:1      | Reached skill level 3 in Axes
   675 | D:2      | Found a runed translucent door.
   676 | D:2      | Noticed Crazy Yiuf
   723 | D:2      | Reached XP level 3. HP: 33/33 MP: 2/2
  1370 | D:3      | Reached XP level 4. HP: 36/40 MP: 3/3
  1386 | D:3      | Found a faded altar of an unknown god.
  1733 | D:3      | Found a blossoming altar of Fedhas.
  1749 | D:3      | Reached skill level 4 in Axes
  1965 | D:4      | Noticed a scorpion
  1974 | D:4      | Killed a scorpion
  1975 | D:4      | Reached XP level 5. HP: 41/47 MP: 4/4
  2053 | D:3      | Reached skill level 5 in Axes
  2252 | D:4      | Reached XP level 6. HP: 47/55 MP: 5/5
  2413 | D:4      | Reached skill level 5 in Armour
  2512 | D:4      | Reached skill level 5 in Shields
  2740 | D:4      | Reached skill level 5 in Fighting
  2944 | D:5      | Entered Level 5 of the Dungeon
  2966 | D:5      | Noticed Duvessa
  2966 | D:5      | Noticed Dowan
  2977 | D:5      | Reached skill level 6 in Axes
  2977 | D:5      | Killed Duvessa
  2978 | D:5      | Reached XP level 7. HP: 44/61 MP: 6/6
  2979 | D:5      | Killed Dowan
  3033 | D:5      | Noticed Edmund
  3035 | D:5      | Killed Edmund
  3064 | D:5      | Noticed Ijyb
  3110 | D:5      | Killed Ijyb
  3226 | D:5      | Reached skill level 7 in Axes
  3353 | D:5      | Found Fihangank's Assorted Antiques.
  3612 | D:5      | Bought a pair of scorched boots for 266 gold pieces
  3612 | D:5      | Identified the +1 pair of boots of Grace {Str+4 Int+4} (You
                  | bought it in a shop on level 5 of the Dungeon)
  3807 | D:6      | Reached XP level 8. HP: 50/70 MP: 7/7
  3931 | D:6      | Noticed Prince Ribbit
  3946 | D:6      | Reached skill level 8 in Axes
  4203 | D:6      | Found a shimmering blue altar of Sif Muna.
  4238 | D:6      | Found a staircase to the Ecumenical Temple.
  4260 | Temple   | Entered the Ecumenical Temple
  4317 | Temple   | Became a worshipper of Warmaster Okawaru
  4594 | D:6      | Reached skill level 9 in Axes
  4864 | D:6      | Reached * piety under Okawaru
  4914 | D:7      | Reached XP level 9. HP: 77/79 MP: 8/8
  4950 | D:7      | Found an ancient bone altar of Kikubaaqudgha.
  5259 | D:7      | Noticed a troll
  5267 | D:7      | Killed a troll
  5461 | D:7      | Reached skill level 1 in Evocations
  5488 | D:7      | Reached skill level 10 in Axes
  5575 | D:8      | Found a stormy altar of Qazlal.
  5579 | D:8      | Found an opulent altar of Gozag.
  5590 | D:8      | Found a shimmering blue altar of Sif Muna.
  5622 | D:8      | Noticed a death yak
  5632 | D:8      | Killed a death yak
  5632 | D:8      | Reached ** piety under Okawaru
  5643 | D:8      | Reached skill level 11 in Axes
  5643 | D:8      | Reached XP level 10. HP: 89/89 MP: 5/9
  5649 | D:8      | Reached *** piety under Okawaru
  5650 | D:8      | Found a staircase to the Lair.
  5673 | D:8      | Reached skill level 1 in Throwing
  5686 | D:8      | Reached **** piety under Okawaru
  5915 | D:8      | Found a glowing golden altar of the Shining One.
  6013 | D:8      | Reached skill level 12 in Axes
  6127 | D:8      | Noticed Psyche
  6132 | D:8      | Killed Psyche
  6505 | D:9      | Noticed Erica
  6518 | D:9      | Killed Erica
  6519 | D:9      | Reached XP level 11. HP: 89/97 MP: 7/10
  6532 | D:9      | Noticed Pikel
  6538 | D:9      | Killed Pikel
  6971 | D:9      | Noticed Gastronok
  6983 | D:9      | Killed Gastronok
  7439 | D:10     | Entered Level 10 of the Dungeon
  7605 | D:10     | Noticed a two-headed ogre
  7618 | D:10     | Reached skill level 13 in Axes
  7619 | D:10     | HP: 3/99 [two-headed ogre/+0 giant spiked club (11)]
  7620 | D:10     | Killed from afar by an acid dragon

Illustrated notes

Levels and vault maps discovered:
D:1:      minmay_arrival_nine_rooms, layout_basic
D:2:      layout_rooms, minmay_shallow_snake_nest, uniq_crazy_yiuf_cottage
D:3:      layout_loops_ring, old_standard_altar,
          ebering_ecumenical_altar_sacrificial, chequers_jeans
D:4:      layout_loops_cross
D:5:      dreamdust_elfheim, layout_basic, serial_shops, shop,
          minmay_manual_moon, uniq_ijyb, uniq_edmund
D:6:      layout_basic, temple_green, gup_sewer_entry_pipe,
          minmay_ruined_shrine, uniq_prince_ribbit1
D:7:      layout_loops_cross, pf_just_have_faith, minmay_microvault
D:8:      cheibrodos_grave_circle, layout_basic, tso_metal_star,
          grunt_temple_overflow_open, david_lair_generic, uniq_psyche
D:9:      layout_stronghold, uniq_gastronok, uniq_erica, uniq_pikel
D:10:     layout_basic, serial_shops, nicolae_shop_crystal, the_hattery,
          uniq_lodul
Temple:   kb_temple_of_zot

Skill      XL: |  1  2  3  4  5  6  7  8  9 10 11 |
---------------+----------------------------------+-----
Axes           | 3 4 5 6 7 9 11 12 13 | 13.0
Armour         | 4 5 6 7 8 9 |  9.9
Fighting       | 4 5 6 7 8 9 |  9.8
Shields        | 4 5 6 7 8 9 |  9.8
Evocations     | 2 4 |  4.7
Throwing       | 2 3 |  3.8

Action                   |  1- 3 |  4- 6 |  7- 9 | 10-12 || total
-------------------------+-------+-------+-------+-------++-------
Melee: War axe           |    69 |    74 |   142 |   132 ||   417
       Headbutt          |     7 |    14 |    21 |    29 ||    71
Throw: Dart              |       |       |     2 |       ||     2
Invok: Heroism           |       |       |     4 |     7 ||    11
Evoke: Wand              |       |     1 |       |       ||     1
  Use: Scroll            |     3 |     7 |     4 |     5 ||    19
       Potion            |       |     2 |       |     1 ||     3
Armor: Scale mail        |    33 |    17 |       |       ||    50
       Chain mail        |       |     5 |    50 |       ||    55
       Plate armour      |       |       |    21 |    85 ||   106
Dodge: Dodged            |    34 |    29 |    57 |    42 ||   162
Block: Buckler           |    14 |    29 |    86 |    96 ||   225
       Reflection        |       |     2 |     5 |     3 ||    10

Table legend: (Time is in decaauts)
 A = Elapsed time spent in this place.
 B = Non-inter-level travel time spent in this place.
 C = Inter-level travel time spent in this place.
 D = Time resting spent in this place.
 E = Time spent auto-exploring this place.
 F = Levels seen in this place.
 G = Mean time per level.
                   A        B        C        D        E       F      G
               +--------+--------+--------+--------+--------+-----+--------+
         Total |   7681 |   7440 |    241 |    473 |   4588 |  11 |  698.3 |
       Dungeon |   7546 |   7319 |    227 |    473 |   4493 |  10 |  754.6 |
        Temple |    134 |    120 |     14 |      0 |     95 |   1 |  134.0 |
               +--------+--------+--------+--------+--------+-----+--------+

Top non-repeatable levels by time:
     D:9: 934 daAuts
     D:7: 923 daAuts
     D:8: 911 daAuts
     D:5: 848 daAuts
     D:3: 847 daAuts
     D:4: 826 daAuts
     D:6: 760 daAuts
     D:2: 687 daAuts
     D:1: 630 daAuts
    D:10: 176 daAuts
  Temple: 134 daAuts
